 Dungeon Crawl Stone Soup version 0.16-a0-3544-gf6bfca6 (webtiles) character file.

129 Gronka the Shield-Bearer (level 5, -5/46 HPs)
             Began as a Hill Orc Fighter on Jan 9, 2015.
             Slain by a gnoll
             ... wielding a +0 halberd
              (7 damage)
             ... on level 3 of the Dungeon.
             The game lasted 00:04:50 (2088 turns).

Gronka the Shield-Bearer (Hill Orc Fighter)         Turns: 2088, Time: 00:04:50

Health: -5/46      AC: 11    Str: 25    XL:     5   Next: 12%
Magic:  5/5        EV:  6    Int: 10    God:
Gold:   138        SH: 10    Dex: 10    Spells: 0 memorised, 4 levels left

rFire  . . .     SeeInvis .     f - +0 hammer
rCold  . . .     Clarity  .     m - +0 chain mail
rNeg   . . .     SustAb   .     c - +0 shield
rPois  .         Gourm    +     (no helmet)
rElec  .         Spirit   .     (no cloak)
rCorr  .         Warding  .     (no gloves)
rMut   .         Stasis   .     (no boots)
MR     .....                    q - amulet of the gourmand
Stlth  ..........               (no ring)
                                (no ring)

@: mighty, not resistant to hostile enchantments, extremely unstealthy
A: slimy green scales 1, clever 1, deterioration 1
a: no special abilities


You were on level 3 of the Dungeon.
You were not hungry.

You visited 1 branch of the dungeon, and saw 3 of its levels.

You collected 138 gold pieces.

Inventory:

Hand weapons
 a - a +0 flail
 f - a +0 hammer (weapon)
Armour
 b - a +0 scale mail
 c - a +0 shield (worn)
 m - a +0 chain mail (worn)
Jewellery
 q - an amulet of the gourmand (around neck)
Scrolls
 i - a scroll of recharging {unknown}
 k - 3 scrolls of identify {unknown}
 l - a scroll of fog {unknown}
 n - a scroll of remove curse {unknown}
 p - a scroll of amnesia {unknown}
Potions
 e - a potion of might
Comestibles
 d - 2 meat rations
 h - a beef jerky
 j - a slice of pizza
 o - a bread ration


   Skills:
 + Level 3.9 Fighting
 + Level 3.2 Maces & Flails
 + Level 4.1 Armour
 + Level 1.0 Dodging
 + Level 4.5 Shields


You had 4 spell levels left.
You didn't know any spells.

Dungeon Overview and Level Annotations

Branches:
Dungeon (3/15)

Altars:
Gozag


Innate Abilities, Weirdness & Mutations

You are partially covered in slimy green scales (AC +2).
Your mind is acute. (Int +2)
Your body is slowly deteriorating.


Message History

The quokka bites you.
You sock the quokka!
You kill the quokka!
The gnoll hits you from afar with a halberd!
You block the gnoll's attack. The gnoll barely misses you.
You closely miss the gnoll. You block the gnoll's attack.
The gnoll hits you but does no damage.
You closely miss the gnoll. The gnoll hits you but does no damage.
The gnoll hits you from afar with a halberd!
* * * LOW HITPOINT WARNING * * *
You completely miss the gnoll. The gnoll hits you.
* * * LOW HITPOINT WARNING * * *
The gnoll barely misses you.
You closely miss the gnoll. The gnoll hits you.
* * * LOW HITPOINT WARNING * * *
Drink which item? (? for menu, Esc to quit)
You feel very mighty all of a sudden. You block the gnoll's attack.
The gnoll hits you from afar with a halberd!
You die...

### ..# # #.####
###.### #.##.#####
.......g##.#.#....#
#.g@..###.#.#
####.#)#.##.#
...##>###.#
######## #.###
##...#### #.......#
#.##.##.# #.#..##.#
#.#.###.#


You could see 2 gnolls.

Vanquished Creatures
  Crazy Yiuf (D:3)
  3 adders (D:2)
  A gnoll (D:3)
  A worm (D:3)
  2 giant geckos (D:1)
  An ooze (D:1)
  8 bats
  6 giant cockroaches
  7 goblins
  6 hobgoblins
  9 kobolds
  2 quokkas (D:3)
  2 giant newts (D:1)
  8 rats
57 creatures vanquished.

Notes
Turn   | Place    | Note
--------------------------------------------------------------
     0 | D:1      | Gronka, the Hill Orc Fighter, began the quest for the Orb.
     0 | D:1      | Reached XP level 1. HP: 19/19 MP: 1/1
   190 | D:1      | Reached XP level 2. HP: 24/26 MP: 2/2
   512 | D:1      | Reached XP level 3. HP: 31/33 MP: 3/3
   776 | D:1      | Reached skill level 4 in Shields
  1013 | D:2      | Found an opulent altar of Gozag.
  1021 | D:2      | Reached skill level 1 in Dodging
  1021 | D:2      | Reached XP level 4. HP: 29/40 MP: 4/4
  1639 | D:3      | Noticed Crazy Yiuf
  1653 | D:3      | Gained mutation: Your body is slowly deteriorating. [potion of mutation]
  1653 | D:3      | Gained mutation: You are partially covered in slimy green scales (AC +2). [potion of mutation]
  1653 | D:3      | Gained mutation: Your mind is acute. (Int +2) [potion of mutation]
  1656 | D:3      | HP: 2/40 [Crazy Yiuf/quarterstaff of chaos (1)]
  1660 | D:3      | Killed Crazy Yiuf
  2011 | D:3      | Reached XP level 5. HP: 46/46 MP: 5/5
  2087 | D:3      | HP: 1/46 [gnoll (4)]
  2088 | D:3      | Slain by a gnoll

Action                   |  1- 3 |  4- 6 || total
-------------------------+-------+-------++-------
Melee: Flail             |   162 |    46 ||   208
       Hammer            |       |    35 ||    35
  Use: Potion            |       |     4 ||     4
  Eat: Meat ration       |     1 |       ||     1
       Chunk             |       |     4 ||     4
